 Dungeon Crawl Stone Soup version 0.31-a0-750-gfe7b580527 (webtiles) character file.

Game seed: 2377936859022105924

21 heikuro the Shield-Bearer (level 3, 0/29 HPs)
             Began as a Formicid Fighter on Sept 15, 2023.
             Slain by a worm (6 damage)
             ... on level 2 of the Dungeon.
             The game lasted 00:03:06 (847 turns).

heikuro the Shield-Bearer (Formicid Fighter)         Turns: 847, Time: 00:03:07

Health: 0/29       AC:  6    Str: 22    XL:     3   Next: 5%
Magic:  3/3        EV:  9    Int:  7    God:
Gold:   21         SH:  5    Dex: 13    Spells: 2/2 levels left

rFire   . . .        g - +0 spear (heavy)
rCold   . . .        c - +0 buckler
rNeg    . . .        b - +0 scale mail
rPois   .            (helmet unavailable)
rElec   .            (no cloak)
rCorr   .            (no gloves)
SInv    +            (no boots)
Will    .....        (no amulet) Stlth
                     (no ring)
HPRegen 0.24/turn    (no ring)
MPRegen 0.08/turn

%: no passive effects
@: no status effects
A: permanent stasis, dig shafts and tunnels, antennae 3, four strong arms
a: Dig, Shaft Self


You were on level 2 of the Dungeon.
You visited 1 branch of the dungeon, and saw 2 of its levels.

You collected 21 gold pieces.

Inventory:

Hand Weapons
 a - a +0 war axe
 g - a +0 heavy spear (weapon)
Missiles
 f - 6 poisoned darts
Armour
 b - a +0 scale mail (worn)
 c - a +0 buckler (worn)
Scrolls
 e - 2 scrolls of identify {unknown}
 i - a scroll of vulnerability {unknown}
 j - a scroll of enchant armour {unknown}
 k - a scroll of enchant weapon {unknown}
Potions
 d - a potion of might
 h - a potion of haste {unknown}


   Skills:
 + Level 3.5 Fighting
 * Level 2.5 Axes
 + Level 3.5 Armour
 + Level 4.3 Shields


You had 2 spell levels left.
You didn't know any spells.
Your spell library was empty.

Dungeon Overview and Level Annotations

Branches:
Dungeon (2/15)

Altars:

Shops:
D:1 =


Innate Abilities, Weirdness & Mutations

You cannot be hasted, slowed, berserked, paralysed or teleported.
You can dig through walls and to a lower floor.
You have a pair of large antennae on your head. (SInv)
Your four strong arms can wield two-handed weapons with a shield.


Message History

Aim: a worm (heavily wounded, about 21% to evade your +0 heavy spear)
You reach to attack!
You puncture the worm!
You kill the worm!
You have reached level 3!
Your experience leads to an increase in your attributes!
Increase (S)trength, (I)ntelligence, or (D)exterity?
You feel stronger. x2
Reach: g) +0 spear (heavy)
Press: ? - help, Dir - move target, f - worm
Aim: a worm (about 21% to evade your +0 heavy spear)
You reach to attack!
You hit the worm.
The worm is moderately wounded.
Unknown command.
The worm attacks as it pursues you! The worm closely misses you.
Reach: g) +0 spear (heavy)
Press: ? - help, Dir - move target, f/p - worm
Aim: a worm (moderately wounded, about 21% to evade your +0 heavy spear)
You reach to attack!
You hit the worm.
The worm is heavily wounded.
Unknown command.
Reach: g) +0 spear (heavy)
Press: ? - help, Dir - move target, f/p - worm
Aim: a worm (moderately wounded, about 21% to evade your +0 heavy spear)
Okay, then.
Reach: g) +0 spear (heavy)
Press: ? - help, Dir - move target, f/p - worm
Aim: a worm (moderately wounded, about 21% to evade your +0 heavy spear)
You reach to attack!
You puncture the worm!
The worm is severely wounded.
Unknown command.
Reach: g) +0 spear (heavy)
Press: ? - help, Dir - move target, f/p - worm
Aim: a worm (severely wounded, about 21% to evade your +0 heavy spear)
You reach to attack!
You hit the worm.
The worm is almost dead.
Unknown command.
The worm attacks as it pursues you! The worm bites you!
* * * LOW HITPOINT WARNING * * *
The worm attacks as it pursues you! The worm bites you.
You die...

#.......#....#....
#...#...#....+........ ..
#...#...#....##...... ..
#...#...#...........# ##### ..
####...................# #<...
..##.................###..#+#####
.................................
...............w@..............##
.........................>.....#
....####.......................#
....####.........†.............#
....#............###...........#
#...#............# #...........#
#...#.......)....###...........#
...........##..................#
...........##..................#


You could see a worm.

Vanquished Creatures
  A worm (D:2)
  3 bats (D:1)
  A giant cockroach (D:1)
  4 hobgoblins (D:1)
  A kobold (D:1)
  A quokka (D:1)
  2 ball pythons (D:1)
  4 frilled lizards
  A goblin (D:1)
  A rat (D:1)
19 creatures vanquished.

Notes
Turn   | Place    | Note
-------+----------+-------------------------------------------
     0 | D:1      | heikuro the Formicid Fighter began the quest for the Orb.
     0 | D:1      | Reached XP level 1. HP: 18/18 MP: 1/1
    46 | D:1      | Found a faded altar of an unknown god.
    81 | D:1      | Found Eblaolen's Jewellery Boutique.
    99 | D:1      | Reached XP level 2. HP: 23/24 MP: 2/2
   836 | D:2      | Reached XP level 3. HP: 11/29 MP: 3/3
   847 | D:2      | Slain by a worm

Illustrated notes

Levels and vault maps discovered:
D:1:      matt_arrival_debris, layout_loops_ring, basic_ecumenical_altar,
          serial_shops, shop, dreamdust_princess_bridge
D:2:      layout_basic

Action                     || total
---------------------------++-------
  Melee: War axe           ||    35
         Spear             ||    31
 Armour: Scale mail        ||    43
  Dodge: Dodged            ||    30
  Block: Buckler           ||    12

Table legend: (Time is in decaauts)
 A = Elapsed time spent in this place.
 B = Non-inter-level travel time spent in this place.
 C = Inter-level travel time spent in this place.
 D = Time resting spent in this place.
 E = Time spent auto-exploring this place.
 F = Levels seen in this place.
 G = Mean time per level.
                   A        B        C        D        E       F      G
               +--------+--------+--------+--------+--------+-----+--------+
         Total |    878 |    847 |     31 |      0 |    415 |   2 |  439.0 |
       Dungeon |    878 |    847 |     31 |      0 |    415 |   2 |  439.0 |
               +--------+--------+--------+--------+--------+-----+--------+

Top non-repeatable levels by time:
     D:1: 792 daAuts
     D:2: 86 daAuts
